 Dungeon Crawl Stone Soup version 0.16-a0-4113-g7d8e295 (webtiles) character file.

77 timbw the Sneak (level 4, -1/27 HPs)
             Began as a High Elf Enchanter on Feb 28, 2015.
             Slain by Duvessa
             ... wielding a +0 short sword
              (9 damage)
             ... on level 5 of the Dungeon.
             The game lasted 00:04:12 (1152 turns).

timbw the Sneak (High Elf Enchanter)                Turns: 1152, Time: 00:04:12

Health: -1/27      AC:  3    Str:  7    XL:     4   Next: 14%
Magic:  2/11       EV: 13    Int: 22    God:
Gold:   100        SH:  0    Dex: 16    Spells: 3 memorised, 1 level left

rFire  . . .     SeeInvis .     a - +1 dagger
rCold  . . .     Clarity  .     b - +1 robe
rNeg   . . .     SustAb   .     (no shield)
rPois  .         Gourm    .     h - +0 hat
rElec  .         Spirit   .     (no cloak)
rCorr  .         Warding  .     (no gloves)
rMut   .         Stasis   .     (no boots)
MR     .....                    (no amulet)
Stlth  +++.......               (no ring)
                                l - +3 ring of intelligence

@: not resistant to hostile enchantments, fairly stealthy
A: no striking features
a: no special abilities


You were on level 5 of the Dungeon.
You were hungry.

You visited 1 branch of the dungeon, and saw 5 of its levels.

You collected 100 gold pieces.

Inventory:

Hand weapons
 a - a +1 dagger (weapon)
Missiles
 p - 5 javelins (quivered)
Armour
 b - a +1 robe (worn)
 h - a +0 hat (worn)
Jewellery
 l - a +3 ring of intelligence (left hand)
Scrolls
 f - a scroll of remove curse {unknown}
 g - 3 scrolls of identify {unknown}
 k - a scroll of magic mapping {unknown}
 m - 2 scrolls of amnesia {unknown}
 q - a scroll of silence {unknown}
 r - a scroll of enchant weapon {unknown}
Potions
 e - a potion of poison {unknown}
 i - a potion of might {unknown}
 j - a potion of degeneration {unknown}
 n - a potion of brilliance {unknown}
 o - a potion of haste {unknown}
Books
 c - a book of Maledictions

   Spells                             Type                      Level
   a - Corona                         Hexes                        1
   b - Sure Blade                     Hexes/Charms                 2
   c - Ensorcelled Hibernation        Hexes/Ice                    2
   d - Confuse                        Hexes                        3
   e - Dazzling Spray                 Conjuration/Hexes            3
   f - Enslavement                    Hexes                        4
Comestibles
 d - 2 bread rations


   Skills:
 * Level 2.8 Short Blades
 - Level 2.1 Dodging
 * Level 4.3 Stealth
 - Level 2.4 Spellcasting
 * Level 3.8 Hexes


You had one spell level left.
You knew the following spells:

 Your Spells              Type           Power        Failure   Level  Hunger
a - Corona                Hex            ###....      3%          1    None
b - Ensorcelled Hibernat  Hex/Ice        ##....       10%         2    ##.....
c - Dazzling Spray        Conj/Hex       ##......     17%         3    ###....


Dungeon Overview and Level Annotations

Branches:
Dungeon (5/15)
 Temple: D:4-7

Altars:

Annotations:
D:2 Sigmund
D:5 Dowan, Duvessa


Message History

Duvessa is severely wounded.
Duvessa hits you with a short sword!
Throwing (i - inventory):
p - 8 javelins (quivered)
Press: ? - help, Shift-Dir - straight line, f/p - Duvessa
Aim: Duvessa, wielding a short sword and wearing a leather armour (severely wounded)
You throw a javelin. The javelin barely misses Duvessa.
Duvessa closely misses you.
Throwing (i - inventory):
p - 7 javelins (quivered)
Press: ? - help, Shift-Dir - straight line, f/p - Duvessa
Aim: Duvessa, wielding a short sword and wearing a leather armour (severely wounded)
You throw a javelin. The javelin hits Duvessa.
Duvessa is almost dead.
Duvessa hits you with a short sword.
* * * LOW HITPOINT WARNING * * *
Throwing (i - inventory):
p - 6 javelins (quivered)
Press: ? - help, Shift-Dir - straight line, f/p - Duvessa
Aim: Duvessa, wielding a short sword and wearing a leather armour (almost dead)
You throw a javelin. The javelin barely misses Duvessa.
Duvessa hits you with a short sword!
You die...

### #.. #.#
###########.#
#(......)...#
#.########..#####.
#e# #......!. #@#
#####..###### #.#
#............ #.#
#.#...e..#... #.#
#.###).#... #.#
#.#........ #.#
..#o###.... #.#
#.....#...... #.#
##.s..#.###.# #.#
####ยง.. ....


You could see Duvessa.

Vanquished Creatures
  A hound (D:5)
  A hound skeleton (D:5)
  An adder (D:2)
  An adder skeleton (D:5)
  An orc (D:5)
  3 giant cockroaches
  3 goblins
  2 hobgoblins (D:2)
  2 quokkas
  A giant newt (D:1)
  A jackal (D:3)
  3 kobolds
  6 rats
26 creatures vanquished.

Notes
Turn   | Place    | Note
--------------------------------------------------------------
     0 | D:1      | timbw, the High Elf Enchanter, began the quest for the Orb.
     0 | D:1      | Reached XP level 1. HP: 11/11 MP: 4/4
   337 | D:2      | Noticed Sigmund
   400 | D:1      | Reached XP level 2. HP: 15/17 MP: 4/6
   408 | D:1      | Learned a level 2 spell: Ensorcelled Hibernation
   852 | D:5      | Entered Level 5 of the Dungeon
   856 | D:5      | Reached XP level 3. HP: 12/21 MP: 2/8
   890 | D:5      | Learned a level 3 spell: Dazzling Spray
   918 | D:5      | Reached skill level 4 in Stealth
  1062 | D:5      | Reached XP level 4. HP: 23/27 MP: 8/11
  1120 | D:5      | Noticed Dowan
  1120 | D:5      | Noticed Duvessa
  1152 | D:5      | Slain by Duvessa

Action                   |  1- 3 |  4- 6 || total
-------------------------+-------+-------++-------
Melee: Dagger            |    63 |     4 ||    67
Throw: Javelin           |     1 |     3 ||     4
 Cast: Corona            |     7 |       ||     7
       Ensorcelled Hiber |     9 |     6 ||    15
       Dazzling Spray    |     1 |       ||     1
 Stab: Sleeping          |     9 |     3 ||    12
  Eat: Chunk             |     1 |       ||     1
